 Dungeon Sprint DCSS version 0.22.1-1-ga44c0e56f4 (webtiles) character file.

211 MuseOD the Covert (level 5, -11/29 HPs)
             Began as a Spriggan Enchanter on Sept 27, 2018.
             Was an Initiate of Dithmenos.
             Collided with a stone wall (15 damage)
             ... caused by a deep elf mage
             ... in the Dungeon (Sprint III: "The Ten Rune Challenge").
             The game lasted 00:01:19 (180 turns).

MuseOD the Covert (Spriggan Enchanter)               Turns: 180, Time: 00:01:20

Health: -11/29     AC:  2    Str:  4    XL:     5   Next: 57%
Magic:  3/13       EV: 18    Int: 18    God:    Dithmenos [......]
Gold:   29         SH:  0    Dex: 16    Spells: 8/14 levels left

rFire    . . .     SeeInvis +   a - +1 dagger
rCold    . . .     Gourm    .   (shield restricted)
rNeg     . . .     Faith    .   b - +0 robe
rPois    .         Spirit   .   (helmet restricted)
rElec    .         Reflect  .   (no cloak)
rCorr    .         Harm     .   (gloves unavailable)
MR       .....     NoTele   +   (boots unavailable)
Stlth    ++++......             (no amulet)
HPRegen  0.09/turn              (no ring)
MPRegen  0.13/turn              (no ring)

@: very quick
A: very small, unfitting armour, see invisible, herbivore, speed 3, slow
metabolism 2
a: Renounce Religion


You were in the Dungeon.
You worshipped Dithmenos.
Dithmenos was noncommittal.
You were not hungry.

You visited 1 branch You collected 29 gold pieces.

Inventory:

Hand Weapons
 a - a +1 dagger (weapon)
Armour
 b - a +0 robe (worn)
Scrolls
 j - a scroll of blinking
 k - 2 scrolls of immolation {unknown}
 l - 3 scrolls of identify
 m - 3 scrolls of remove curse
Potions
 c - 5 potions of mutation
 e - 2 potions of curing
 f - a potion of heal wounds
 g - a potion of haste
 h - 2 potions of magic
 i - a potion of berserk rage
 n - a potion of degeneration {unknown}
 o - a potion of flight {unknown}
Comestibles
 d - 4 rations


   Skills:
 + Level 4.1 Fighting
 * Level 7.9 Short Blades
 - Level 3.0 Dodging
 + Level 9.2 Stealth
 + Level 5.2 Spellcasting
 + Level 5.8 Hexes


You had 8 spell levels left.
You knew the following spells:

 Your Spells              Type           Power        Failure   Level  Hunger
a - Corona                Hex            ####...      1%          1    None
b - Ensorcelled Hibernat  Hex/Ice        ###...       6%          2    #......
c - Confuse               Hex            ####....     3%          3    ##.....

Your spell library contained the following spells:

 Spells                   Type           Power        Failure   Level  Hunger
 Tukima's Dance           Hex            ####....     3%          3    ##.....
 Dazzling Spray           Conj/Hex       ###...       12%         3    ##.....


Dungeon Overview and Level Annotations

Branches:
Dungeon (1/1)

Altars:
Dithmenos
Elyvilon
Ru
Yredelemnul
Zin
The Shining One


Innate Abilities, Weirdness & Mutations

You are very small and have problems with some larger weapons.
You are too small for most types of armour.
You have supernaturally acute eyesight. (SInv)
You are a herbivore.
You cover ground extremely quickly.
You need to consume almost no food.


Message History

Casting: Ensorcelled Hibernation (safe; 6% risk of failure)
Confirm with . or Enter, or press ? or * to list all spells.
Aiming: Ensorcelled Hibernation (safe; 6% risk of failure)
Press: ? - help, Shift-Dir - straight line, f/p - deep elf mage
Aim: a deep elf mage, wielding a long sword of holy wrath (chance to defeat MR: The deep elf mage easily resists.
The deep elf mage misses you.
Casting: Ensorcelled Hibernation (safe; 6% risk of failure)
Confirm with . or Enter, or press ? or * to list all spells.
Aiming: Ensorcelled Hibernation (safe; 6% risk of failure)
Press: ? - help, Shift-Dir - straight line, f/p - deep elf mage
Aim: a deep elf mage, wielding a long sword of holy wrath (chance to defeat MR: The deep elf mage easily resists.
The deep elf mage points at you and mumbles some strange words.
The lance of force hits you!
Ouch! That really hurt!
* * * LOW HITPOINT WARNING * * *
You are knocked back by the lance of force.
You slam into the stone wall!
Ouch! That really hurt!
You die...

▓▓ ▓▓▓ .#### ##.#####
#### ....#####..#___#
#__# .....#..#..#!e.#
#†_#
##...#..#..###'#+###'##
###..##'#..#..........#
.##..###...'.⌠..@.....#
##..####...#...######+#
##..###....#.⌠.#
#...##.....#...#
....#......#+###
..##.#..†..# ..
####....# ▓▓ ▓▓▓▓▓▓


You could see a deep elf mage.

Vanquished Creatures
  A necrophage (D)
  A water elemental (D)
  A necromancer (D)
  A human (D)
  A wolf (D)
  2 oozes (D)
  2 rats (D)
9 creatures vanquished.

Vanquished Creatures (others)
  6 hellions (D)
6 creatures vanquished.

Grand Total: 15 creatures vanquished

Notes
Turn   | Place    | Note
-------+----------+-------------------------------------------
     0 | D        | MuseOD the Spriggan Enchanter began the quest for the Orb.
     0 | D        | Reached XP level 1. HP: 9/9 MP: 5/5
     9 | D        | Reached skill level 1 in Fighting
     9 | D        | Reached skill level 5 in Stealth
    11 | D        | Reached XP level 2. HP: 14/14 MP: 6/6
    15 | D        | Learned a level 2 spell: Ensorcelled Hibernation
    52 | D        | Reached skill level 6 in Stealth
    58 | D        | Reached skill level 5 in Short Blades
    58 | D        | Reached XP level 3. HP: 19/19 MP: 5/8
    74 | D        | Learned a level 3 spell: Confuse
    88 | D        | Noticed a water elemental
    91 | D        | Killed a water elemental
    91 | D        | Reached skill level 7 in Stealth
    91 | D        | Reached XP level 4. HP: 24/24 MP: 8/10
   107 | D        | Killed a hellion
   108 | D        | Killed a hellion
   109 | D        | Killed a hellion
   113 | D        | Found a basalt altar of Yredelemnul.
   113 | D        | Found a shadowy altar of Dithmenos.
   113 | D        | Found a sacrificial altar of Ru.
   113 | D        | Noticed a necrophage
   115 | D        | Killed a necrophage
   115 | D        | Reached skill level 9 in Stealth
   115 | D        | Reached skill level 5 in Hexes
   115 | D        | Reached XP level 5. HP: 29/29 MP: 11/13
   124 | D        | Killed a hellion
   124 | D        | Killed a hellion
   125 | D        | Reached skill level 5 in Spellcasting
   128 | D        | Became a worshipper of Dithmenos the Shadowed
   176 | D        | Found a glowing silver altar of Zin.
   176 | D        | Found a glowing golden altar of the Shining One.
   176 | D        | Found a white marble altar of Elyvilon.
   177 | D        | Noticed a deep elf mage
   179 | D        | Killed a hellion
   180 | D        | Collided with a stone wall

Skill      XL: |  1  2  3  4  5 |
---------------+----------------+-----
Fighting       | 1 2 3 4 |  4.1
Short Blades   | 3 5 6 7 |  7.9
Stealth        | 5 6 7 9 |  9.2
Spellcasting   | 3 4 5 |  5.2
Hexes          | 4 5 |  5.8
Dodging        | |  3.0

Action                   |  1- 3 |  4- 6 || total
-------------------------+-------+-------++-------
Melee: Dagger            |     9 |     7 ||    16
 Cast: Ensorcelled Hiber |     1 |     3 ||     4
       Confuse           |       |     2 ||     2
 Stab: Sleeping          |     5 |     1 ||     6
       Confused          |       |     1 ||     1
Armor: Robe              |       |     1 ||     1
Dodge: Dodged            |     3 |     2 ||     5
